Map: Dusk Towers

Players

Kali - Winner!

  • Race: Protoss Protoss
  • League: Diamond

blackxored

  • Race: Zerg Zerg
  • League: Diamond

VOD

Have the link to the VOD?

Description

Time

  • Played on: June 30, 2016, 4:43 p.m.
  • Length: 24:16
Show
View Real Time Build Order
Export as new Build Order

Kali Protoss - Winner!

Build Orders: Oracle Opening 

Get SALT Encoding   

  12  0:03  Probe (Chrono Boost)  
  13  0:13  Probe (Chrono Boost)  
  14  0:21  Pylon  
  14  0:24  Probe (Chrono Boost)  
  15  0:40  Gateway, Probe (Chrono Boost)  
  16  0:45  Assimilator  
  16  0:50  Probe (Chrono Boost)  
  17  1:01  Probe (Chrono Boost)  
  17  1:02  Assimilator  
  19  1:11  Probe (Chrono Boost)  
  19  1:20  Gateway  
  19  1:22  Probe (Chrono Boost)  
  20  1:31  Cybernetics Core  
  20  1:32  Probe (Chrono Boost)  
  21  1:33  Pylon  
  21  1:43  Probe (Chrono Boost)  
  22  1:52  Pylon  
  22  1:53  Probe (Chrono Boost)  
  23  2:04  Probe (Chrono Boost)  
  24  2:10  Zealot (Chrono Boost)  
  24  2:14  Zealot (Chrono Boost)  
  28  2:16  Robotics Facility  
  28  2:27  Stargate  
  28  2:35  Adept (Chrono Boost)  
  30  2:43  Adept (Chrono Boost)  
  32  3:09  Warp Prism (Chrono Boost)  
  34  3:13  Oracle (Chrono Boost)  
  37  3:51  Mothership Core  
  39  3:56  Nexus  
  39  3:59  Pylon  
  39  4:03  Pylon x2  
  39  4:33  Probe  
  39  4:37  Immortal (Chrono Boost)  
  44  4:45  Probe  
  42  4:48  Nexus  
  42  4:57  Probe  
  39  5:09  Warp Gate  
  39  5:11  Probe  
  39  5:12  Immortal (Chrono Boost), Probe  
  41  5:22  Probe  
  41  5:24  Probe  
  41  5:26  Forge  
  43  5:33  Probe  
  44  5:39  Probe  
  45  5:50  Phoenix  
  45  5:51  Probe  
  45  5:53  Probe  
  49  6:01  Assimilator  
  49  6:02  Probe  
  49  6:04  Probe  
  50  6:05  Assimilator, Probe  
  52  6:12  Stalker x2  
  52  6:13  Probe  
  52  6:14  Probe  
  52  6:17  Probe  
  59  6:23  Probe  
  59  6:25  Probe  
  60  6:29  Probe  
  62  6:41  Photon Cannon  
  62  6:44  Photon Cannon  
  48  6:56  Photon Cannon  
  48  7:00  Photon Cannon  
  48  7:17  Probe  
  48  7:18  Probe  
  48  7:19  Probe  
  51  7:28  Probe  
  48  7:30  Probe  
  48  7:31  Probe  
  50  7:41  Probe  
  51  7:51  Probe x2  
  53  7:58  Fleet Beacon  
  53  8:01  Probe  
  53  8:02  Probe x2  
  53  8:03  Pylon  
  56  8:08  Photon Cannon  
  56  8:10  Twilight Council  
  56  8:17  Probe  
  57  8:28  Probe  
  58  8:38  Probe  
  58  8:39  Probe  
  58  8:40  Probe  
  61  8:41  Assimilator  
  61  8:43  Stalker  
  61  8:44  Stalker  
  61  8:48  Assimilator  
  55  8:57  Robotics Bay  
  55  9:02  Templar Archives  
  55  9:03  Gateway  
  61  9:18  Pylon  
  61  9:22  Protoss Ground Weapons Level 1  
  61  9:29  Probe  
  52  9:39  Probe  
  52  9:40  Psionic Storm  
  52  9:50  Probe  
  53  10:01  Photon Cannon  
  53  10:04  Colossus (Chrono Boost), Photon Cannon  
  53  10:06  Pylon  
  59  10:12  Zealot x2  
  63  10:33  High Templar  
  65  10:51  Colossus (Chrono Boost)  
  71  10:59  Pylon  
  71  11:07  Charge  
  71  11:15  Nexus  
  71  11:18  Pylon  
  71  11:22  Photon Cannon x2  
  71  11:24  Photon Cannon  
  71  11:26  Photon Cannon  
  71  11:32  Assimilator  
  71  11:34  Extended Thermal Lance  
  71  11:36  Assimilator  
  71  11:39  Pylon  
  71  11:40  High Templar  
  73  11:48  Photon Cannon  
  73  11:49  Photon Cannon  
  73  11:51  Photon Cannon  
  73  11:54  Gateway  
  73  12:03  Colossus (Chrono Boost)  
  79  12:15  Protoss Ground Weapons Level 2  
  79  12:20  High Templar  
  81  12:38  Probe  
  82  12:49  Probe  
  83  12:54  High Templar  
  83  12:55  Zealot  
  83  12:56  Zealot  
  89  12:59  Probe  
  90  13:10  Probe  
  91  13:13  Nexus  
  91  13:16  Pylon  
  91  13:17  Pylon  
  91  13:20  Probe  
  91  13:22  Stargate  
  91  13:24  Photon Cannon  
  92  13:31  Probe  
  93  13:34  Photon Cannon  
  93  13:36  Photon Cannon  
  93  13:38  Photon Cannon  
  93  13:39  Gateway x2  
  93  13:42  Gateway, Probe  
  93  13:45  Assimilator  
  93  13:47  High Templar x3  
  100  13:49  Pylon  
  100  14:20  Zealot  
  100  14:21  Zealot x2  
  106  14:37  Pylon x2  
  106  14:58  Gateway, Zealot  
  106  14:59  Zealot x5  
  118  15:06  Photon Cannon  
  118  15:09  Photon Cannon  
  118  15:10  Photon Cannon  
  118  15:12  Tempest  
  122  15:24  Probe  
  123  15:35  Probe  
  123  15:36  Protoss Ground Weapons Level 3  
  124  15:54  Stalker x5  
  124  15:55  Stalker  
  136  16:37  Tempest  
  140  16:40  Stargate  
  136  17:19  Stalker x5  
  136  17:20  Stalker  
  148  17:38  Tempest  
  148  17:39  Tempest  
  156  17:53  Nexus  
  156  17:54  Pylon  
  156  17:57  Pylon  
  156  18:12  Pylon x2  
  156  18:31  Tempest  
  156  18:32  Tempest  
  141  19:14  Tempest x2  
  149  19:42  Probe  
  132  19:51  Nexus  
  132  19:52  Probe  
  132  19:57  Tempest  
  135  20:03  Probe  
  136  20:13  Dark Shrine  
  128  20:16  Gateway  
  128  20:18  Gateway x2  
  128  20:20  Cybernetics Core  
  120  20:50  Pylon  
  120  20:51  Pylon  
  120  20:53  Pylon  
  120  20:55  Pylon  
  120  20:58  Pylon  
  119  21:27  Probe  
  117  21:36  Pylon  
  117  21:38  Probe  
  118  21:44  Probe  
  108  22:08  Dark Templar  
  110  22:14  Probe  
  35  22:58  Dark Templar  
  35  22:59  Dark Templar  
  35  23:00  Probe  
  16  23:44  Assimilator  
Show
View Real Time Build Order
Export as new Build Order

blackxored Zerg 

Build Orders: Hatch First 

Get SALT Encoding   

  12  0:01  Drone  
  13  0:08  Drone  
  14  0:17  Overlord  
  14  0:22  Extractor  
  14  0:23  Drone  
  15  0:37  Drone x2  
  17  0:52  Hatchery  
  17  0:55  Drone  
  17  0:59  Drone  
  18  1:10  Extractor  
  17  1:13  Spawning Pool  
  17  1:16  Drone  
  17  1:19  Drone  
  18  1:28  Drone  
  19  1:38  Overlord  
  19  1:49  Drone  
  20  1:58  Hatchery  
  19  2:05  Queen  
  19  2:07  Zergling x2  
  22  2:10  Zergling x2  
  23  2:16  Metabolic Boost  
  23  2:19  Drone  
  24  2:23  Drone  
  24  2:29  Overlord  
  25  2:32  Drone  
  25  2:36  Drone  
  27  2:41  Drone  
  28  2:48  Queen  
  30  2:54  Drone x2  
  30  2:57  Drone  
  33  3:02  Drone  
  33  3:03  Drone  
  35  3:11  Drone x2  
  37  3:13  Pneumatized Carapace  
  37  3:19  Queen  
  38  3:28  Drone x3  
  38  3:29  Drone  
  38  3:33  Drone x2  
  38  3:34  Drone  
  45  3:35  Drone  
  45  3:41  Evolution Chamber  
  45  3:44  Drone  
  45  3:45  Baneling Nest  
  45  3:46  Drone  
  46  3:59  Drone  
  47  4:06  Overlord  
  47  4:21  Zergling x2  
  47  4:22  Zergling x8  
  40  4:43  Zergling x24  
  49  4:54  Zergling x6  
  52  5:03  Zergling x4  
  49  5:10  Zergling x2  
  46  5:30  Lair  
  46  5:31  Drone x10  
  46  5:33  Queen  
  58  5:36  Overlord  
  58  5:40  Baneling x4  
  58  5:47  Baneling x2  
  58  5:53  Queen  
  58  5:55  Extractor, Drone x2  
  62  5:57  Drone  
  62  5:58  Drone x3  
  62  6:01  Drone  
  66  6:16  Overlord x2  
  66  6:17  Overlord  
  66  6:30  Zergling x2  
  58  6:55  Zergling x24  
  65  7:04  Queen x3  
  65  7:07  Zergling x6  
  69  7:18  Baneling x4  
  65  7:48  Overlord  
  65  7:53  Centrifical Hooks  
  65  7:56  Overlord x4  
  65  8:03  Extractor  
  65  8:04  Drone  
  65  8:05  Extractor, Queen, Drone  
  65  8:09  Drone x6  
  73  8:22  Drone  
  73  8:23  Drone  
  73  8:24  Infestation Pit  
  73  8:25  Drone x4  
  76  8:40  Hatchery  
  73  8:51  Zergling x2  
  73  8:52  Zergling x8  
  73  8:54  Hatchery  
  73  8:55  Baneling x9  
  77  9:11  Zerg Melee Weapons Level 1  
  77  9:12  Evolution Chamber  
  77  9:13  Drone x4  
  77  9:16  Drone x2  
  77  9:17  Drone  
  83  9:20  Drone  
  84  9:41  Zergling x12  
  84  9:43  Baneling x10  
  91  10:07  Zergling x18  
  99  10:19  Baneling x13  
  99  10:20  Zergling x8  
  103  10:26  Drone x2  
  103  10:27  Drone  
  106  10:28  Queen  
  106  10:32  Queen  
  106  10:33  Drone  
  111  11:10  Hive  
  111  11:12  Overlord x4  
  111  11:18  Baneling x5  
  111  11:19  Baneling  
  111  11:52  Zergling x20  
  111  11:53  Zergling x22  
  132  12:04  Drone x3  
  132  12:06  Drone  
  136  12:14  Drone  
  137  12:16  Drone x3  
  136  12:41  Overlord x3  
  136  12:42  Overlord  
  136  12:45  Extractor  
  136  12:46  Extractor  
  136  12:49  Extractor  
  133  12:56  Hatchery  
  132  13:00  Overlord x3  
  132  13:01  Overlord x3  
  132  13:02  Extractor  
  131  13:11  Drone x4  
  135  13:14  Drone x3  
  135  13:15  Drone x2  
  135  13:16  Drone x2  
  135  13:19  Zergling x2  
  146  13:20  Zergling x14  
  146  13:21  Spire  
  149  13:33  Zerg Melee Weapons Level 2  
  149  13:34  Zerg Ground Armor Level 1  
  149  13:38  Drone x4  
  149  13:39  Drone x7  
  160  13:42  Overlord x4  
  160  14:03  Drone x4  
  160  14:04  Drone x2  
  160  14:05  Extractor  
  161  14:33  Adrenal Glands  
  161  14:36  Greater Spire  
  161  14:39  Drone  
  161  14:40  Drone x3  
  161  14:42  Drone x3  
  161  14:43  Extractor  
  165  14:50  Spire  
  164  14:55  Queen x2  
  164  14:56  Queen x2  
  164  14:57  Queen  
  174  15:07  Corruptor x13  
  159  15:46  Corruptor x2  
  159  15:48  Brood Lord  
  157  15:50  Brood Lord x9  
  157  15:51  Brood Lord  
  157  15:54  Overseer  
  157  15:55  Overseer x3  
  175  15:57  Hatchery  
  175  15:58  Extractor  
  175  15:59  Extractor  
  173  16:04  Corruptor x4  
  181  16:16  Corruptor  
  164  16:25  Corruptor  
  164  16:26  Corruptor  
  166  16:39  Corruptor x2  
  162  16:40  Corruptor x4  
  174  16:54  Corruptor x3  
  174  16:55  Corruptor  
  156  17:10  Drone x7  
  163  17:26  Nydus Network  
  162  18:10  Nydus Canal  
  143  19:29  Brood Lord  
  143  19:30  Brood Lord  
  147  19:31  Brood Lord  
  147  19:37  Hatchery  
  143  19:40  Extractor  
  129  19:58  Hatchery  
  128  20:06  Hatchery  
  108  21:08  Overlord x2  
  74  23:36  Overlord x3  
  62  24:03  Drone  
  62  24:04  Drone  
Tags
 
Add a new tag
Caveats
  • Supply blocks, unpowered buildings, or Contaminate may cause inaccurate times.
  • Supply counts are checked every 10 seconds.